 Dungeon Crawl Stone Soup version 0.18.1-47-g9310371 (webtiles) character file.

28 Gargoyl the Skirmisher (level 3, 26/29 HPs)
             Began as a Demonspawn Abyssal Knight on June 20, 2016.
             Was a Follower of Lugonu.
             Quit the game on level 2 of the Dungeon.
             The game lasted 00:01:35 (802 turns).

Gargoyl the Skirmisher (Demonspawn Abyssal Knight)   Turns: 802, Time: 00:01:35

Health: 26/29      AC:  9    Str: 13    XL:     3   Next: 0%
Magic:  4/4        EV:  6    Int: 13    God:    Lugonu [*.....]
Gold:   52         SH:  0    Dex: 12    Spells: 0 memorised, 2 levels left

rFire  . . .     SeeInvis .     a - +1 hand axe
rCold  . . .     Gourm    .     h - +0 chain mail
rNeg   . . .     Faith    .     (no shield)
rPois  .         Spirit   +     (no helmet)
rElec  .         Dismiss  .     (no cloak)
rCorr  .         Reflect  .     (no gloves)
SustAt .         Harm     .     k - +0 pair of boots
MR     .....                    (no amulet)
Stlth  ..........               (no ring)
                                (no ring)

@: not resistant to hostile enchantments, extremely unstealthy
A: powered by pain 1, magic shield
a: Depart the Abyss, Renounce Religion


You were on level 2 of the Dungeon.
You worshipped Lugonu.
Lugonu was aware of your devotion.
You were not hungry.

You visited 1 branch of the dungeon, and saw 2 of its levels.
You visited the Abyss 1 time.

You collected 52 gold pieces.

Inventory:

Hand Weapons
 a - a +1 hand axe (weapon)
Armour
 h - a +0 chain mail (worn)
 k - a +0 pair of boots (worn)
Scrolls
 e - 2 scrolls of remove curse {unknown}
 i - a scroll of recharging {unknown}
 j - a scroll of teleportation {unknown}
Potions
 b - a potion of brilliance {unknown}
 g - a potion of lignification {unknown}
Books
 f - a book of Debilitation

   Spells                             Type                      Level
   a - Corona                         Hexes                        1
   b - Slow                           Hexes                        2
   c - Gell's Gravitas                Hexes/Translocation          3
   d - Inner Flame                    Hexes/Fire                   3
   e - Cause Fear                     Hexes                        4
   f - Leda's Liquefaction            Hexes/Earth                  4
Comestibles
 c - a bread ration
 d - a meat ration


   Skills:
 + Level 3.5 Fighting
 + Level 2.0 Axes
 * Level 2.3 Armour
 + Level 0.8 Dodging
 + Level 2.6 Invocations


You had 2 spell levels left.
You didn't know any spells.

Dungeon Overview and Level Annotations

Branches:
Dungeon (2/15)

Altars:


Innate Abilities, Weirdness & Mutations

You sometimes gain a little power by taking damage.
When hurt, damage is shared between your health and your magic reserves.


Message History

Found 17 stones.
Found a stone staircase leading down.
There is a stone staircase leading up here.
The goblin moves out of view.
The dart slug launches a dart at you. The slug dart hits you!
The rat bites you.
You hit the rat.
You kill the rat!
Lugonu accepts your kill.
You have reached level 3!
Your experience leads to an increase in your attributes!
Increase (S)trength, (I)ntelligence, or (D)exterity?
You feel stronger.
Your demonic ancestry asserts itself...
You feel your magical essence form a protective shroud around your flesh.
You hit the dart slug.
The dart slug is moderately wounded.
You closely miss the bat. You closely miss the goblin.
The bat hits you but does no damage.
The dart slug bites you but does no damage.
The goblin hits you but does no damage.
Are you sure you want to abandon this character and quit the game? (Confirm with "yes".)

#.. #.. # # #..
.###.# #.. ....
#..##..#
#####......##
.......<....#
.####...#>#.##.
#..@g......
.....bw†.......
.##.....#..#.#.
#.##.#..(....
#. #. ..##... #
## ... ... ...
.. ...


You could see a dart slug, a goblin and a bat.

Vanquished Creatures
  A dart slug (D:1)
  A bat (D:1)
  2 giant cockroaches (D:1)
  5 goblins (D:1)
  4 hobgoblins (D:1)
  4 jackals (D:1)
  A giant newt (D:1)
  A kobold (D:1)
  3 rats
22 creatures vanquished.

Notes
Turn   | Place    | Note
--------------------------------------------------------------
     0 | Abyss:1  | Gargoyl the Demonspawn Abyssal Knight began the quest for the Orb.
     0 | Abyss:1  | Reached XP level 1. HP: 18/18 MP: 2/2
    41 | Abyss:2  | Noticed a golden eye
    41 | Abyss:2  | Noticed a golden eye
    41 | Abyss:2  | Noticed a golden eye
    41 | Abyss:2  | Noticed a golden eye
    41 | Abyss:2  | Noticed a golden eye
    42 | D:1      | Escaped the Abyss
    90 | D:1      | Reached * piety under Lugonu
   306 | D:1      | Gained mutation: You sometimes gain a little power by taking damage. [demonic ancestry]
   306 | D:1      | Reached XP level 2. HP: 24/24 MP: 3/3
   801 | D:2      | Gained mutation: When hurt, damage is shared between your health and your magic reserves. [demonic ancestry]
   801 | D:2      | Reached XP level 3. HP: 26/29 MP: 4/4
   802 | D:2      | Quit the game

Skill      XL: |  1  2 |
---------------+-------+-----
Armour         | 2 |  2.3
Axes           | 2 |  2.0
Fighting       | |  3.5
Dodging        | |  0.8
Invocations    | |  2.6

Action                   || total
-------------------------++-------
Melee: Hand axe          ||    65
Invok: Depart the Abyss  ||     1
Armor: Chain mail        ||    50
Dodge: Dodged            ||    36
